[ PARTIDA AOE2 · #474477072 ]
UnrankedItalianos vs Celts
[ ANÁLISIS DE REPETICIÓN · EXTRAÍDO DE LA PARTIDA GRABADA ]
Feudal
10:56
Castillos
14:52
Imperial
28:13
| APM promedio | 25.2 |
| APM pico | 56 |
| eAPM promedio | 12.8 |
| Aldeanos / militares | 127 / 174 |
Foco
⚔️ 34.3% · 🌾 65.7%
Skirmisher ×115 · Unknown (882) ×65 · Archer ×46 · Bombard Cannon ×8 · Trebuchet (Packed) ×3 · Genoese Crossbowman ×2
Feudal
11:43
Castillos
15:18
Imperial
28:36
| APM promedio | 48.3 |
| APM pico | 95 |
| eAPM promedio | 29.5 |
| Aldeanos / militares | 166 / 127 |
Foco
⚔️ 33.0% · 🌾 67.0%
Militia ×65 · Mangonel ×32 · Woad Raider ×22 · Battering Ram ×5 · Trebuchet (Packed) ×2 · Spearman ×1
Feudal
10:43
Castillos
14:17
Imperial
31:39
| APM promedio | 21.7 |
| APM pico | 39 |
| eAPM promedio | 12.5 |
| Aldeanos / militares | 114 / 80 |
Foco
⚔️ 27.8% · 🌾 72.2%
Archer ×61 · Bombard Cannon ×11 · Shotel Warrior ×4 · Mangonel ×3 · Knight ×1
Feudal
10:58
Castillos
14:35
Imperial
29:14
| APM promedio | 50.7 |
| APM pico | 122 |
| eAPM promedio | 31.0 |
| Aldeanos / militares | 185 / 161 |
Foco
⚔️ 38.5% · 🌾 61.5%
Mameluke ×158 · Trebuchet (Packed) ×3
Feudal
11:25
Castillos
14:58
Imperial
28:09
| APM promedio | 33.2 |
| APM pico | 104 |
| eAPM promedio | 20.3 |
| Aldeanos / militares | 138 / 336 |
Foco
⚔️ 34.7% · 🌾 65.3%
Spearman ×175 · Leitis ×149 · Trebuchet (Packed) ×11 · Monk ×1
Feudal
11:24
Castillos
15:45
Imperial
29:47
| APM promedio | 25.3 |
| APM pico | 67 |
| eAPM promedio | 19.7 |
| Aldeanos / militares | 216 / 45 |
Foco
⚔️ 18.6% · 🌾 81.4%
Hand Cannoneer ×21 · Spearman ×15 · Bombard Cannon ×7 · Hussite Wagon ×2
Feudal
14:01
Castillos
18:49
Imperial
37:25
| APM promedio | 24.3 |
| APM pico | 56 |
| eAPM promedio | 17.8 |
| Aldeanos / militares | 124 / 293 |
Foco
⚔️ 26.8% · 🌾 73.2%
Militia ×214 · Spearman ×72 · Unknown (882) ×30 · Battering Ram ×7
Feudal
12:48
Castillos
16:25
Imperial
41:23
| APM promedio | 29.4 |
| APM pico | 95 |
| eAPM promedio | 21.0 |
| Aldeanos / militares | 301 / 99 |
Foco
⚔️ 17.3% · 🌾 82.7%
Knight ×62 · Militia ×37
Mapa de la partida
Recursos iniciales + cada clic de construcción. Líneas = muros · curvas = relieve. ◆ oro · ⬟ piedra · ● bayas · ✦ reliquia · ◌ hueco del cierre
Tu base· ✓ Cerrada en 14:52 · 0t muro · 2 puerta(s)
Base de schlauchnase· ✓ Cerrada en 15:18 · 0t muro · 2 puerta(s)
Base de moneyfusion06· ✓ Cerrada en 14:17 · 0t muro · 3 puerta(s)
Base de Wastetwo· ✓ Cerrada en 14:35 · 11t muro · 3 puerta(s)
Base de thomasshing2· ✓ Cerrada en 14:58 · 0t muro · 3 puerta(s)
Base de ASS MAN· ✓ Cerrada en 15:45 · 0t muro · 2 puerta(s)
Base de JERRY· ✓ Cerrada en 18:49 · 3t muro · 2 puerta(s)
Base de UnknownPlayer· ✓ Cerrada en 16:25 · 0t muro · 3 puerta(s)
Terreno inicial suavizado · ◌ = hueco del cierre detectado · pasá el cursor para detalles
Inputs por minuto
— PatSG - - schlauchnase
Build order — PatSG
Primeras 150 de 323 acciones detectadas
| 0:01 | Crear | Villager (Male) ×4 |
| 0:03 | Construir | House |
| 0:05 | Construir | House |
| 1:26 | Crear | Villager (Male) |
| 1:26 | Crear | Villager (Male) |
| 1:26 | Crear | Villager (Male) |
| 1:48 | Construir | Lumber Camp |
| 2:01 | Crear | Villager (Male) |
| 2:01 | Crear | Villager (Male) |
| 2:17 | Crear | Villager (Male) |
| 2:17 | Crear | Villager (Male) |
| 2:50 | Crear | Villager (Male) |
| 2:50 | Crear | Villager (Male) |
| 3:07 | Crear | Villager (Male) |
| 3:08 | Crear | Villager (Male) |
| 3:37 | Crear | Villager (Male) |
| 3:37 | Crear | Villager (Male) |
| 3:37 | Crear | Villager (Male) |
| 4:00 | Construir | House |
| 4:01 | Construir | House |
| 4:03 | Crear | Villager (Male) |
| 4:03 | Crear | Villager (Male) |
| 4:04 | Crear | Villager (Male) |
| 4:18 | Construir | Mill |
| 4:32 | Crear | Villager (Male) |
| 4:32 | Crear | Villager (Male) |
| 4:32 | Crear | Villager (Male) |
| 5:19 | Crear | Villager (Male) |
| 5:20 | Crear | Villager (Male) |
| 5:20 | Crear | Villager (Male) |
| 5:20 | Crear | Villager (Male) |
| 5:20 | Crear | Villager (Male) |
| 5:42 | Crear | Villager (Male) |
| 5:42 | Crear | Villager (Male) |
| 5:42 | Crear | Villager (Male) |
| 5:54 | Construir | Mill |
| 6:19 | Crear | Villager (Male) |
| 6:19 | Crear | Villager (Male) |
| 6:19 | Crear | Villager (Male) |
| 6:26 | Crear | Villager (Male) |
| 6:27 | Crear | Villager (Male) |
| 7:16 | Construir | Mining Camp |
| 8:13 | Crear | Villager (Male) |
| 8:27 | Construir | Farm |
| 8:37 | Investigar | Feudal Age |
| 8:53 | Crear | Villager (Male) |
| 8:57 | Construir | House |
| 10:15 | Construir | Farm |
| 10:56 | Edad | Edad Feudal |
| 10:58 | Construir | Blacksmith |
| 11:01 | Construir | Market |
| 11:08 | Crear | Villager (Male) |
| 11:44 | Investigar | Loom |
| 11:48 | Construir | Mining Camp |
| 12:10 | Investigar | Castle Age |
| 12:34 | Construir | House |
| 12:36 | Investigar | Double-Bit Axe |
| 13:34 | Construir | House |
| 13:49 | Construir | Farm |
| 13:50 | Construir | Farm |
| 13:56 | Construir | Farm |
| 13:59 | Construir | Farm |
| 14:03 | Construir | Farm |
| 14:10 | Construir | House |
| 14:12 | Crear | Villager (Male) |
| 14:40 | Construir | House |
| 14:52 | Edad | Edad de los Castillos |
| 15:04 | Construir | Farm |
| 15:13 | Crear | Villager (Male) |
| 15:15 | Construir | House |
| 15:27 | Construir | Farm |
| 15:38 | Crear | Villager (Male) |
| 15:51 | Construir | House |
| 16:00 | Construir | Castle |
| 16:04 | Crear | Villager (Male) |
| 16:11 | Construir | Farm |
| 16:13 | Construir | Farm |
| 16:24 | Construir | House |
| 16:26 | Construir | House |
| 16:28 | Crear | Villager (Male) |
| 16:44 | Construir | Farm |
| 16:47 | Investigar | Bow Saw |
| 16:49 | Investigar | Horse Collar |
| 16:51 | Crear | Villager (Male) |
| 17:00 | Crear | Villager (Male) |
| 17:21 | Crear | Villager (Male) |
| 17:24 | Investigar | Town Watch |
| 17:29 | Construir | House |
| 17:34 | Crear | Genoese Crossbowman |
| 17:52 | Construir | Farm |
| 17:55 | Construir | Farm |
| 17:57 | Crear | Villager (Male) |
| 18:04 | Construir | House |
| 18:08 | Construir | House |
| 18:09 | Construir | House |
| 18:19 | Construir | Farm |
| 18:44 | Construir | Town Center |
| 18:47 | Crear | Villager (Male) |
| 18:57 | Crear | Genoese Crossbowman |
| 19:24 | Construir | Lumber Camp |
| 19:28 | Crear | Villager (Male) |
| 19:40 | Construir | House |
| 19:42 | Crear | Villager (Male) |
| 20:04 | Crear | Villager (Male) |
| 20:19 | Crear | Villager (Male) |
| 20:22 | Construir | House |
| 20:36 | Crear | Villager (Male) |
| 20:40 | Crear | Villager (Male) |
| 20:40 | Crear | Villager (Male) |
| 20:51 | Construir | Farm |
| 21:05 | Crear | Villager (Male) |
| 21:05 | Crear | Villager (Male) |
| 21:08 | Construir | Farm |
| 21:08 | Construir | Farm |
| 21:08 | Construir | Farm |
| 21:09 | Construir | Farm |
| 21:10 | Construir | Farm |
| 21:15 | Construir | House |
| 21:17 | Crear | Villager (Male) |
| 21:23 | Construir | Barracks |
| 21:40 | Crear | Villager (Male) |
| 21:44 | Construir | Farm |
| 21:49 | Construir | House |
| 21:53 | Crear | Villager (Male) |
| 21:53 | Crear | Villager (Male) |
| 21:55 | Construir | Farm |
| 21:55 | Construir | Farm |
| 22:02 | Crear | Villager (Male) |
| 22:02 | Crear | Villager (Male) |
| 22:10 | Construir | Farm |
| 22:13 | Crear | Villager (Male) |
| 22:13 | Crear | Villager (Male) |
| 22:16 | Construir | Farm |
| 22:35 | Construir | House |
| 22:38 | Construir | House |
| 22:57 | Investigar | Wheelbarrow |
| 23:05 | Construir | Farm |
| 23:16 | Construir | Farm |
| 23:21 | Construir | Farm |
| 23:24 | Crear | Villager (Male) |
| 23:25 | Crear | Villager (Male) |
| 23:27 | Construir | Farm |
| 23:30 | Construir | Farm |
| 23:52 | Construir | House |
| 23:54 | Construir | House |
| 24:06 | Construir | Farm |
| 24:22 | Crear | Villager (Male) |
| 24:22 | Crear | Villager (Male) |
| 24:24 | Construir | Barracks |
| 24:35 | Crear | Villager (Male) |
Build order — schlauchnase
Primeras 150 de 448 acciones detectadas
| 0:01 | Crear | Villager (Male) |
| 0:01 | Crear | Villager (Male) |
| 0:02 | Construir | House |
| 0:03 | Construir | House |
| 0:12 | Crear | Villager (Male) |
| 0:12 | Crear | Villager (Male) |
| 1:24 | Construir | Lumber Camp |
| 1:38 | Crear | Villager (Male) |
| 2:01 | Crear | Villager (Male) |
| 2:02 | Crear | Villager (Male) |
| 2:24 | Crear | Villager (Male) |
| 2:25 | Crear | Villager (Male) |
| 2:54 | Crear | Villager (Male) |
| 3:01 | Construir | House |
| 3:33 | Crear | Villager (Male) |
| 3:33 | Crear | Villager (Male) |
| 3:43 | Construir | House |
| 3:53 | Crear | Villager (Male) |
| 4:02 | Construir | House |
| 4:13 | Crear | Villager (Male) |
| 4:35 | Construir | Mill |
| 4:48 | Crear | Villager (Male) |
| 5:16 | Crear | Villager (Male) |
| 5:16 | Crear | Villager (Male) |
| 5:58 | Crear | Villager (Male) |
| 6:04 | Crear | Villager (Male) |
| 6:43 | Crear | Villager (Male) |
| 6:56 | Construir | Farm |
| 7:01 | Construir | Farm |
| 7:04 | Construir | Farm |
| 7:06 | Crear | Villager (Male) |
| 7:06 | Crear | Villager (Male) |
| 7:22 | Construir | Farm |
| 7:37 | Crear | Villager (Male) |
| 7:39 | Crear | Villager (Male) |
| 7:39 | Crear | Villager (Male) |
| 7:45 | Construir | Farm |
| 7:50 | Construir | Farm |
| 7:55 | Crear | Villager (Male) |
| 7:55 | Crear | Villager (Male) |
| 8:04 | Crear | Villager (Male) |
| 9:07 | Construir | Mining Camp |
| 9:28 | Investigar | Loom |
| 9:31 | Investigar | Feudal Age |
| 9:32 | Investigar | Feudal Age |
| 11:01 | Crear | Villager (Male) |
| 11:01 | Crear | Villager (Male) |
| 11:43 | Edad | Edad Feudal |
| 11:46 | Construir | Market |
| 11:49 | Construir | Blacksmith |
| 11:56 | Construir | House |
| 11:59 | Construir | House |
| 12:34 | Investigar | Loom |
| 12:38 | Investigar | Castle Age |
| 13:40 | Investigar | Double-Bit Axe |
| 13:40 | Investigar | Double-Bit Axe |
| 14:02 | Crear | Villager (Male) |
| 14:06 | Investigar | Horse Collar |
| 15:14 | Investigar | Loom |
| 15:14 | Investigar | Loom |
| 15:18 | Edad | Edad de los Castillos |
| 15:21 | Construir | Outpost |
| 15:22 | Crear | Villager (Male) |
| 15:32 | Construir | Siege Workshop |
| 15:32 | Crear | Villager (Male) |
| 15:41 | Construir | Town Center |
| 15:46 | Investigar | Town Watch |
| 15:49 | Crear | Villager (Male) |
| 15:53 | Construir | House |
| 15:58 | Crear | Villager (Male) |
| 16:28 | Construir | Outpost |
| 16:30 | Construir | House |
| 16:31 | Construir | Palisade Wall |
| 16:39 | Construir | Farm |
| 16:40 | Construir | Farm |
| 16:42 | Crear | Mangonel |
| 16:43 | Crear | Mangonel |
| 16:51 | Crear | Villager (Male) |
| 17:05 | Crear | Villager (Male) |
| 17:07 | Construir | Farm |
| 17:09 | Construir | Farm |
| 17:11 | Crear | Villager (Male) |
| 17:13 | Construir | Farm |
| 17:14 | Crear | Villager (Male) |
| 17:25 | Construir | Stone Wall |
| 17:27 | Crear | Villager (Male) |
| 17:29 | Crear | Villager (Male) |
| 17:33 | Investigar | Wheelbarrow |
| 17:33 | Investigar | Wheelbarrow |
| 17:35 | Crear | Villager (Male) |
| 17:37 | Construir | Farm |
| 17:44 | Construir | Outpost |
| 17:45 | Crear | Villager (Male) |
| 17:53 | Construir | Mining Camp |
| 17:58 | Crear | Villager (Male) |
| 18:03 | Construir | Farm |
| 18:12 | Crear | Villager (Male) |
| 18:24 | Construir | Farm |
| 18:36 | Construir | House |
| 18:42 | Construir | Farm |
| 18:43 | Crear | Villager (Male) |
| 18:55 | Crear | Villager (Male) |
| 19:04 | Crear | Villager (Male) |
| 19:22 | Construir | Monastery |
| 19:33 | Crear | Villager (Male) |
| 19:37 | Crear | Villager (Male) |
| 19:40 | Crear | Villager (Male) |
| 19:48 | Crear | Mangonel |
| 19:55 | Crear | Villager (Male) |
| 20:04 | Crear | Villager (Male) |
| 20:05 | Crear | Villager (Male) |
| 20:05 | Crear | Villager (Male) |
| 20:08 | Construir | Farm |
| 20:38 | Crear | Villager (Male) |
| 20:54 | Crear | Mangonel |
| 20:54 | Crear | Villager (Male) |
| 21:01 | Crear | Villager (Male) |
| 21:11 | Crear | Villager (Male) |
| 21:13 | Construir | House |
| 21:20 | Crear | Villager (Male) |
| 21:22 | Construir | Farm |
| 21:23 | Crear | Villager (Male) |
| 21:26 | Construir | Farm |
| 21:27 | Construir | Farm |
| 21:31 | Crear | Villager (Male) |
| 21:35 | Crear | Mangonel |
| 21:57 | Crear | Villager (Male) |
| 22:00 | Crear | Mangonel |
| 22:01 | Crear | Villager (Male) |
| 22:03 | Construir | Farm |
| 22:06 | Crear | Villager (Male) |
| 22:15 | Crear | Villager (Male) |
| 22:22 | Construir | House |
| 22:23 | Crear | Villager (Male) |
| 22:37 | Crear | Villager (Male) |
| 23:03 | Construir | House |
| 23:04 | Crear | Villager (Male) |
| 23:06 | Crear | Villager (Male) |
| 23:08 | Construir | Farm |
| 23:08 | Construir | Farm |
| 23:37 | Crear | Mangonel |
| 23:38 | Crear | Mangonel |
| 23:53 | Crear | Villager (Male) |
| 23:54 | Crear | Villager (Male) |
| 23:55 | Crear | Villager (Male) |
| 23:55 | Crear | Villager (Male) |
| 24:06 | Crear | Villager (Male) |
| 24:50 | Crear | Villager (Male) |
| 24:55 | Crear | Villager (Male) |
| 24:59 | Crear | Villager (Male) |
Build order — moneyfusion06
Primeras 150 de 287 acciones detectadas
| 0:02 | Crear | Villager (Male) |
| 0:02 | Crear | Villager (Male) |
| 0:04 | Construir | House |
| 0:06 | Construir | House |
| 0:23 | Crear | Villager (Male) |
| 0:23 | Crear | Villager (Male) |
| 0:24 | Crear | Villager (Male) |
| 1:35 | Crear | Villager (Male) |
| 1:50 | Construir | Lumber Camp |
| 2:01 | Crear | Villager (Male) |
| 2:14 | Crear | Villager (Male) |
| 2:48 | Crear | Villager (Male) |
| 3:14 | Crear | Villager (Male) |
| 3:33 | Crear | Villager (Male) |
| 3:52 | Construir | House |
| 3:56 | Crear | Villager (Male) |
| 4:13 | Construir | Mill |
| 4:27 | Crear | Villager (Male) |
| 4:27 | Crear | Villager (Male) |
| 5:17 | Construir | House |
| 5:24 | Crear | Villager (Male) |
| 5:57 | Construir | Mill |
| 6:03 | Crear | Villager (Male) |
| 6:03 | Crear | Villager (Male) |
| 6:03 | Crear | Villager (Male) |
| 6:29 | Crear | Villager (Male) |
| 6:30 | Crear | Villager (Male) |
| 7:36 | Crear | Villager (Male) |
| 8:33 | Investigar | Feudal Age |
| 9:25 | Construir | House |
| 10:11 | Crear | Villager (Male) |
| 10:43 | Edad | Edad Feudal |
| 10:48 | Construir | Market |
| 10:54 | Construir | Blacksmith |
| 11:04 | Crear | Villager (Male) |
| 11:11 | Investigar | Double-Bit Axe |
| 11:19 | Investigar | Horse Collar |
| 11:37 | Investigar | Castle Age |
| 12:00 | Construir | Farm |
| 12:03 | Construir | Farm |
| 12:06 | Construir | Farm |
| 12:18 | Construir | Mining Camp |
| 12:25 | Construir | Farm |
| 12:36 | Construir | Farm |
| 12:48 | Construir | House |
| 12:50 | Construir | House |
| 13:49 | Crear | Villager (Male) |
| 13:50 | Crear | Villager (Male) |
| 14:17 | Edad | Edad de los Castillos |
| 14:18 | Construir | House |
| 14:19 | Construir | House |
| 14:23 | Construir | Town Center |
| 14:37 | Crear | Villager (Male) |
| 15:11 | Construir | Town Center |
| 15:20 | Construir | Farm |
| 15:22 | Construir | Farm |
| 15:25 | Investigar | Loom |
| 15:33 | Crear | Villager (Male) |
| 15:34 | Crear | Villager (Male) |
| 15:38 | Crear | Villager (Male) |
| 15:38 | Crear | Villager (Male) |
| 15:48 | Construir | Outpost |
| 15:56 | Construir | Farm |
| 16:05 | Crear | Villager (Male) |
| 16:14 | Crear | Villager (Male) |
| 16:36 | Investigar | Bow Saw |
| 16:52 | Crear | Villager (Male) |
| 16:52 | Crear | Villager (Male) |
| 17:02 | Crear | Villager (Male) |
| 17:11 | Construir | Siege Workshop |
| 17:18 | Construir | Farm |
| 17:23 | Crear | Villager (Male) |
| 17:32 | Construir | Farm |
| 17:40 | Crear | Villager (Male) |
| 17:45 | Construir | Farm |
| 17:55 | Construir | Farm |
| 18:01 | Crear | Villager (Male) |
| 18:12 | Crear | Mangonel |
| 18:13 | Crear | Villager (Male) |
| 18:23 | Construir | Farm |
| 18:31 | Crear | Villager (Male) |
| 18:45 | Construir | Farm |
| 18:48 | Construir | Farm |
| 19:16 | Crear | Villager (Male) |
| 19:16 | Crear | Villager (Male) |
| 19:17 | Crear | Villager (Male) |
| 19:20 | Construir | Farm |
| 19:34 | Crear | Villager (Male) |
| 19:35 | Crear | Villager (Male) |
| 19:43 | Construir | Farm |
| 19:44 | Construir | Farm |
| 19:45 | Construir | Farm |
| 19:46 | Construir | Farm |
| 19:47 | Construir | Farm |
| 19:50 | Crear | Villager (Male) |
| 20:02 | Crear | Villager (Male) |
| 20:09 | Crear | Villager (Male) |
| 20:22 | Crear | Villager (Male) |
| 20:37 | Crear | Mangonel |
| 20:45 | Crear | Villager (Male) |
| 20:46 | Crear | Villager (Male) |
| 20:49 | Construir | Farm |
| 20:55 | Investigar | Stone Mining |
| 21:17 | Crear | Villager (Male) |
| 21:17 | Crear | Villager (Male) |
| 21:19 | Crear | Villager (Male) |
| 21:25 | Construir | Town Center |
| 21:41 | Construir | Outpost |
| 22:03 | Crear | Villager (Male) |
| 22:03 | Crear | Villager (Male) |
| 22:04 | Crear | Villager (Male) |
| 22:11 | Construir | House |
| 22:12 | Construir | House |
| 22:13 | Construir | House |
| 22:16 | Construir | Lumber Camp |
| 22:18 | Construir | Farm |
| 22:20 | Construir | Farm |
| 22:39 | Construir | Outpost |
| 22:39 | Crear | Villager (Male) |
| 22:40 | Crear | Villager (Male) |
| 22:40 | Crear | Villager (Male) |
| 22:42 | Investigar | Wheelbarrow |
| 22:43 | Investigar | Town Watch |
| 22:55 | Construir | Barracks |
| 23:34 | Crear | Villager (Male) |
| 23:34 | Crear | Villager (Male) |
| 23:34 | Crear | Villager (Male) |
| 23:37 | Construir | Farm |
| 23:39 | Construir | Mill |
| 23:40 | Construir | Farm |
| 23:40 | Construir | Farm |
| 23:41 | Construir | Farm |
| 23:41 | Construir | Farm |
| 23:41 | Construir | Farm |
| 23:41 | Construir | Farm |
| 23:51 | Crear | Villager (Male) |
| 24:02 | Crear | Villager (Male) |
| 24:02 | Crear | Villager (Male) |
| 24:12 | Construir | Castle |
| 24:15 | Crear | Villager (Male) |
| 24:19 | Construir | Farm |
| 24:23 | Construir | Mill |
| 24:24 | Construir | Farm |
| 24:24 | Construir | Farm |
| 24:24 | Construir | Farm |
| 24:24 | Construir | Farm |
| 24:24 | Construir | Farm |
| 24:24 | Construir | Farm |
| 24:25 | Construir | Farm |
| 24:46 | Crear | Mangonel |
Build order — Wastetwo
Primeras 150 de 515 acciones detectadas
| 0:01 | Crear | Villager (Male) |
| 0:01 | Crear | Villager (Male) |
| 0:02 | Crear | Villager (Male) |
| 0:03 | Construir | House |
| 0:03 | Construir | House |
| 0:11 | Crear | Villager (Male) |
| 1:25 | Crear | Villager (Male) |
| 1:25 | Crear | Villager (Male) |
| 1:45 | Construir | Lumber Camp |
| 1:58 | Crear | Villager (Male) |
| 1:59 | Crear | Villager (Male) |
| 2:13 | Crear | Villager (Male) |
| 2:14 | Crear | Villager (Male) |
| 2:46 | Construir | Palisade Gate |
| 2:53 | Construir | Palisade Wall |
| 2:53 | Crear | Villager (Male) |
| 2:53 | Crear | Villager (Male) |
| 2:57 | Construir | Palisade Wall |
| 2:58 | Construir | Palisade Wall |
| 3:01 | Construir | Palisade Wall |
| 3:13 | Construir | Palisade Wall |
| 3:15 | Crear | Villager (Male) |
| 3:16 | Crear | Villager (Male) |
| 3:34 | Crear | Villager (Male) |
| 3:35 | Crear | Villager (Male) |
| 3:57 | Construir | House |
| 3:58 | Crear | Villager (Male) |
| 3:59 | Crear | Villager (Male) |
| 4:19 | Crear | Villager (Male) |
| 4:43 | Crear | Villager (Male) |
| 4:43 | Crear | Villager (Male) |
| 4:46 | Construir | Mill |
| 5:10 | Crear | Villager (Male) |
| 5:10 | Crear | Villager (Male) |
| 5:32 | Crear | Villager (Male) |
| 5:32 | Crear | Villager (Male) |
| 5:59 | Construir | House |
| 6:25 | Crear | Villager (Male) |
| 7:01 | Construir | Farm |
| 7:03 | Construir | Farm |
| 7:08 | Crear | Villager (Male) |
| 7:09 | Crear | Villager (Male) |
| 7:40 | Crear | Villager (Male) |
| 7:43 | Construir | House |
| 8:01 | Crear | Villager (Male) |
| 8:33 | Construir | Mining Camp |
| 8:34 | Investigar | Feudal Age |
| 8:35 | Investigar | Feudal Age |
| 9:49 | Crear | Villager (Male) |
| 9:49 | Crear | Villager (Male) |
| 10:35 | Construir | Farm |
| 10:36 | Construir | Farm |
| 10:58 | Edad | Edad Feudal |
| 11:06 | Construir | Market |
| 11:08 | Construir | Blacksmith |
| 11:55 | Investigar | Castle Age |
| 11:55 | Investigar | Castle Age |
| 12:26 | Investigar | Double-Bit Axe |
| 12:26 | Investigar | Double-Bit Axe |
| 12:50 | Construir | House |
| 12:57 | Investigar | Horse Collar |
| 12:57 | Investigar | Horse Collar |
| 13:00 | Construir | Farm |
| 13:01 | Construir | Farm |
| 13:03 | Construir | Farm |
| 13:05 | Construir | Farm |
| 13:41 | Crear | Villager (Male) |
| 14:35 | Edad | Edad de los Castillos |
| 14:56 | Crear | Villager (Male) |
| 15:05 | Construir | Town Center |
| 15:13 | Construir | Town Center |
| 15:16 | Investigar | Bow Saw |
| 15:16 | Crear | Villager (Male) |
| 15:18 | Investigar | Heavy Plow |
| 15:18 | Investigar | Heavy Plow |
| 15:31 | Crear | Villager (Male) |
| 15:58 | Crear | Villager (Male) |
| 16:07 | Construir | Farm |
| 16:16 | Construir | Farm |
| 16:24 | Construir | Farm |
| 16:25 | Crear | Villager (Male) |
| 16:27 | Crear | Villager (Male) |
| 16:27 | Crear | Villager (Male) |
| 16:36 | Crear | Villager (Male) |
| 16:36 | Crear | Villager (Male) |
| 16:36 | Crear | Villager (Male) |
| 16:47 | Construir | Farm |
| 16:52 | Construir | Farm |
| 16:58 | Construir | Farm |
| 16:59 | Crear | Villager (Male) |
| 17:03 | Construir | Farm |
| 17:05 | Crear | Villager (Male) |
| 17:11 | Construir | Farm |
| 17:13 | Crear | Villager (Male) |
| 17:16 | Construir | Farm |
| 17:23 | Crear | Villager (Male) |
| 17:28 | Crear | Villager (Male) |
| 17:36 | Construir | Farm |
| 17:38 | Construir | Farm |
| 17:42 | Crear | Villager (Male) |
| 17:54 | Investigar | Wheelbarrow |
| 17:55 | Investigar | Wheelbarrow |
| 17:56 | Crear | Villager (Male) |
| 17:56 | Crear | Villager (Male) |
| 17:59 | Construir | Farm |
| 18:05 | Crear | Villager (Male) |
| 18:07 | Construir | Farm |
| 18:12 | Construir | House |
| 18:15 | Construir | House |
| 18:16 | Crear | Villager (Male) |
| 18:18 | Construir | Farm |
| 18:21 | Construir | Farm |
| 18:31 | Crear | Villager (Male) |
| 18:35 | Construir | House |
| 18:46 | Crear | Villager (Male) |
| 18:47 | Crear | Villager (Male) |
| 18:54 | Investigar | Gold Mining |
| 18:56 | Crear | Villager (Male) |
| 19:02 | Construir | Farm |
| 19:04 | Construir | Farm |
| 19:07 | Construir | Farm |
| 19:12 | Crear | Villager (Male) |
| 19:13 | Crear | Villager (Male) |
| 19:33 | Construir | Town Center |
| 19:35 | Crear | Villager (Male) |
| 19:35 | Crear | Villager (Male) |
| 19:37 | Crear | Villager (Male) |
| 19:37 | Crear | Villager (Male) |
| 19:51 | Crear | Villager (Male) |
| 19:57 | Construir | House |
| 19:58 | Construir | House |
| 20:10 | Crear | Villager (Male) |
| 20:10 | Crear | Villager (Male) |
| 20:16 | Construir | Town Center |
| 20:18 | Crear | Villager (Male) |
| 20:23 | Investigar | Stone Mining |
| 20:24 | Crear | Villager (Male) |
| 20:27 | Construir | Farm |
| 20:31 | Construir | Farm |
| 20:35 | Crear | Villager (Male) |
| 20:35 | Crear | Villager (Male) |
| 20:42 | Crear | Villager (Male) |
| 20:45 | Construir | Farm |
| 20:49 | Crear | Villager (Male) |
| 20:53 | Crear | Villager (Male) |
| 20:53 | Crear | Villager (Male) |
| 21:02 | Crear | Villager (Male) |
| 21:02 | Crear | Villager (Male) |
| 21:08 | Construir | Farm |
| 21:10 | Construir | Farm |
Build order — thomasshing2
Primeras 150 de 519 acciones detectadas
| 0:02 | Crear | Villager (Male) ×5 |
| 0:06 | Construir | House |
| 0:09 | Construir | House |
| 0:32 | Crear | Villager (Male) |
| 1:29 | Crear | Villager (Male) |
| 1:51 | Construir | Lumber Camp |
| 2:05 | Crear | Villager (Male) |
| 2:21 | Crear | Villager (Male) |
| 2:21 | Crear | Villager (Male) |
| 2:54 | Crear | Villager (Male) |
| 3:14 | Crear | Villager (Male) |
| 3:36 | Construir | House |
| 3:37 | Construir | House |
| 3:38 | Construir | House |
| 4:29 | Crear | Villager (Male) |
| 4:30 | Crear | Villager (Male) |
| 4:30 | Crear | Villager (Male) |
| 4:30 | Crear | Villager (Male) |
| 4:30 | Crear | Villager (Male) |
| 4:58 | Crear | Villager (Male) |
| 5:16 | Construir | Mill |
| 5:24 | Construir | Mill |
| 6:12 | Crear | Villager (Male) |
| 6:24 | Construir | Mill |
| 6:28 | Crear | Villager (Male) |
| 7:06 | Crear | Villager (Male) |
| 7:18 | Crear | Villager (Male) |
| 7:38 | Crear | Villager (Male) |
| 8:08 | Crear | Villager (Male) |
| 8:58 | Construir | Mining Camp |
| 9:02 | Investigar | Feudal Age |
| 9:15 | Construir | Farm |
| 9:18 | Construir | Farm |
| 9:20 | Construir | Farm |
| 9:43 | Construir | Farm |
| 10:24 | Crear | Villager (Male) |
| 10:26 | Crear | Villager (Male) |
| 11:25 | Edad | Edad Feudal |
| 11:28 | Construir | Market |
| 11:31 | Construir | Blacksmith |
| 11:39 | Investigar | Double-Bit Axe |
| 11:53 | Construir | House |
| 11:56 | Construir | House |
| 11:57 | Construir | House |
| 12:18 | Investigar | Castle Age |
| 12:42 | Investigar | Horse Collar |
| 13:08 | Construir | Farm |
| 13:11 | Construir | Farm |
| 14:15 | Crear | Villager (Male) |
| 14:19 | Crear | Villager (Male) |
| 14:58 | Edad | Edad de los Castillos |
| 15:16 | Construir | Town Center |
| 15:20 | Investigar | Bow Saw |
| 15:25 | Construir | Town Center |
| 15:42 | Construir | Monastery |
| 15:49 | Crear | Villager (Male) |
| 16:07 | Crear | Villager (Male) |
| 16:09 | Investigar | Heavy Plow |
| 16:42 | Crear | Villager (Male) |
| 16:50 | Crear | Villager (Male) |
| 16:53 | Crear | Villager (Male) |
| 16:58 | Crear | Villager (Male) |
| 17:07 | Crear | Monk |
| 17:13 | Crear | Villager (Male) |
| 17:16 | Crear | Villager (Male) |
| 17:18 | Crear | Villager (Male) |
| 17:23 | Construir | Farm |
| 17:28 | Construir | Farm |
| 17:29 | Construir | Farm |
| 17:34 | Construir | Farm |
| 17:36 | Construir | Farm |
| 17:41 | Crear | Villager (Male) |
| 17:44 | Crear | Villager (Male) |
| 17:51 | Construir | Farm |
| 17:53 | Crear | Villager (Male) |
| 17:55 | Construir | Farm |
| 17:57 | Crear | Villager (Male) |
| 17:59 | Crear | Villager (Male) |
| 18:02 | Construir | Farm |
| 18:06 | Construir | Farm |
| 18:10 | Construir | Farm |
| 18:14 | Construir | Farm |
| 18:16 | Crear | Villager (Male) |
| 18:19 | Construir | Farm |
| 18:21 | Construir | Farm |
| 18:22 | Crear | Villager (Male) |
| 18:26 | Crear | Villager (Male) |
| 18:28 | Construir | Farm |
| 18:37 | Crear | Villager (Male) |
| 18:39 | Construir | Farm |
| 18:43 | Construir | Farm |
| 18:58 | Crear | Villager (Male) |
| 19:01 | Crear | Villager (Male) |
| 19:09 | Construir | Farm |
| 19:12 | Crear | Villager (Male) |
| 19:17 | Construir | House |
| 19:18 | Construir | House |
| 19:23 | Construir | Farm |
| 19:25 | Crear | Villager (Male) |
| 19:27 | Construir | Farm |
| 19:28 | Crear | Villager (Male) |
| 19:35 | Crear | Villager (Male) |
| 19:37 | Construir | Farm |
| 19:38 | Crear | Villager (Male) |
| 19:43 | Construir | Farm |
| 19:49 | Crear | Villager (Male) |
| 19:55 | Construir | Farm |
| 19:59 | Crear | Villager (Male) |
| 20:03 | Construir | Farm |
| 20:09 | Construir | Farm |
| 20:12 | Crear | Villager (Male) |
| 20:17 | Investigar | Wheelbarrow |
| 20:20 | Construir | Farm |
| 20:26 | Construir | House |
| 20:27 | Crear | Villager (Male) |
| 20:32 | Crear | Villager (Male) |
| 20:48 | Construir | House |
| 20:51 | Crear | Villager (Male) |
| 20:55 | Crear | Villager (Male) |
| 21:13 | Construir | Town Center |
| 21:17 | Crear | Villager (Male) |
| 21:18 | Crear | Villager (Male) |
| 21:23 | Investigar | Stone Mining |
| 21:25 | Crear | Villager (Male) |
| 21:29 | Investigar | Gold Mining |
| 21:31 | Construir | House |
| 21:33 | Construir | House |
| 21:34 | Construir | House |
| 21:56 | Crear | Villager (Male) |
| 21:57 | Crear | Villager (Male) |
| 21:57 | Crear | Villager (Male) |
| 22:00 | Crear | Villager (Male) |
| 22:00 | Crear | Villager (Male) |
| 22:03 | Construir | Farm |
| 22:05 | Construir | Farm |
| 22:08 | Crear | Villager (Male) |
| 22:15 | Construir | Farm |
| 22:23 | Crear | Villager (Male) |
| 22:29 | Construir | Farm |
| 22:32 | Crear | Villager (Male) |
| 22:35 | Crear | Villager (Male) |
| 22:37 | Crear | Villager (Male) |
| 22:52 | Construir | House |
| 22:52 | Construir | House |
| 22:53 | Construir | House |
| 22:57 | Investigar | Hand Cart |
| 23:00 | Construir | Farm |
| 23:02 | Crear | Villager (Male) |
| 23:04 | Crear | Villager (Male) |
| 23:04 | Crear | Villager (Male) |
Build order — ASS MAN
Primeras 150 de 407 acciones detectadas
| 0:02 | Crear | Villager (Male) ×4 |
| 0:02 | Crear | Villager (Male) ×4 |
| 0:02 | Crear | Villager (Male) ×4 |
| 0:04 | Construir | House |
| 0:05 | Construir | House |
| 1:17 | Crear | Villager (Male) |
| 1:17 | Crear | Villager (Male) |
| 1:21 | Construir | House |
| 1:38 | Construir | House |
| 1:52 | Construir | Lumber Camp |
| 2:02 | Crear | Villager (Male) |
| 2:02 | Crear | Villager (Male) |
| 2:23 | Crear | Villager (Male) |
| 2:24 | Crear | Villager (Male) |
| 2:24 | Crear | Villager (Male) |
| 2:42 | Crear | Villager (Male) |
| 2:43 | Crear | Villager (Male) |
| 3:26 | Crear | Villager (Male) ×2 |
| 3:26 | Crear | Villager (Male) ×2 |
| 3:26 | Crear | Villager (Male) ×2 |
| 3:31 | Construir | House |
| 3:56 | Crear | Villager (Male) |
| 3:56 | Crear | Villager (Male) |
| 3:56 | Crear | Villager (Male) |
| 4:05 | Construir | Mill |
| 4:15 | Crear | Villager (Male) |
| 4:15 | Crear | Villager (Male) |
| 5:02 | Crear | Villager (Male) |
| 5:02 | Crear | Villager (Male) |
| 5:26 | Crear | Villager (Male) |
| 5:26 | Crear | Villager (Male) |
| 5:26 | Crear | Villager (Male) |
| 5:51 | Crear | Villager (Male) |
| 5:52 | Crear | Villager (Male) |
| 6:22 | Crear | Villager (Male) |
| 6:54 | Construir | House |
| 6:56 | Construir | House |
| 6:58 | Construir | House |
| 7:22 | Crear | Villager (Male) |
| 7:22 | Crear | Villager (Male) |
| 7:41 | Construir | Mining Camp |
| 7:45 | Crear | Villager (Male) |
| 8:31 | Construir | Mining Camp |
| 9:14 | Investigar | Feudal Age |
| 10:21 | Construir | Mill |
| 11:24 | Edad | Edad Feudal |
| 11:30 | Construir | Blacksmith |
| 11:33 | Construir | Market |
| 11:41 | Crear | Villager (Male) |
| 11:41 | Crear | Villager (Male) |
| 13:05 | Investigar | Castle Age |
| 13:58 | Investigar | Double-Bit Axe |
| 13:58 | Investigar | Double-Bit Axe |
| 13:59 | Investigar | Double-Bit Axe |
| 14:20 | Construir | Farm |
| 14:21 | Construir | Farm |
| 14:21 | Construir | Farm |
| 15:38 | Crear | Villager (Male) |
| 15:39 | Crear | Villager (Male) |
| 15:39 | Crear | Villager (Male) |
| 15:45 | Edad | Edad de los Castillos |
| 16:03 | Crear | Villager (Male) |
| 16:10 | Construir | Town Center |
| 16:31 | Crear | Villager (Male) |
| 16:44 | Investigar | Bow Saw |
| 17:00 | Crear | Villager (Male) |
| 17:06 | Construir | Farm |
| 17:14 | Crear | Villager (Male) |
| 17:44 | Crear | Villager (Male) |
| 17:44 | Crear | Villager (Male) |
| 17:44 | Crear | Villager (Male) |
| 17:44 | Crear | Villager (Male) |
| 17:45 | Crear | Villager (Male) |
| 18:06 | Construir | Castle |
| 18:10 | Crear | Villager (Male) |
| 18:10 | Crear | Villager (Male) |
| 18:25 | Crear | Villager (Male) |
| 18:25 | Crear | Villager (Male) |
| 18:26 | Crear | Villager (Male) |
| 18:26 | Crear | Villager (Male) |
| 18:26 | Crear | Villager (Male) |
| 19:06 | Construir | Town Center |
| 19:20 | Construir | Farm |
| 19:20 | Construir | Farm |
| 19:38 | Construir | House |
| 19:39 | Construir | House |
| 19:40 | Construir | House |
| 19:41 | Construir | House |
| 19:43 | Construir | House |
| 19:43 | Construir | House |
| 19:50 | Crear | Villager (Male) |
| 19:51 | Crear | Villager (Male) |
| 19:51 | Crear | Villager (Male) |
| 19:51 | Crear | Villager (Male) |
| 19:56 | Construir | Farm |
| 20:01 | Construir | Farm |
| 20:06 | Construir | Farm |
| 20:11 | Construir | Farm |
| 20:17 | Construir | Farm |
| 20:23 | Construir | Farm |
| 20:27 | Crear | Villager (Male) |
| 20:27 | Crear | Villager (Male) |
| 20:50 | Crear | Villager (Male) |
| 20:50 | Crear | Villager (Male) |
| 20:50 | Crear | Villager (Male) |
| 20:51 | Crear | Villager (Male) |
| 21:00 | Crear | Villager (Male) |
| 21:00 | Crear | Villager (Male) |
| 21:09 | Construir | Farm |
| 21:09 | Construir | Farm |
| 21:09 | Construir | Farm |
| 21:09 | Construir | Farm |
| 21:09 | Construir | Farm |
| 21:22 | Crear | Villager (Male) |
| 21:22 | Crear | Villager (Male) |
| 21:22 | Crear | Villager (Male) |
| 21:28 | Construir | Farm |
| 21:32 | Construir | Farm |
| 21:35 | Crear | Villager (Male) |
| 21:35 | Crear | Villager (Male) |
| 21:36 | Crear | Villager (Male) |
| 21:45 | Construir | Farm |
| 21:54 | Crear | Villager (Male) |
| 21:54 | Crear | Villager (Male) |
| 21:55 | Crear | Villager (Male) |
| 21:55 | Crear | Villager (Male) |
| 22:18 | Crear | Villager (Male) |
| 22:18 | Crear | Villager (Male) |
| 22:19 | Crear | Villager (Male) |
| 22:19 | Crear | Villager (Male) |
| 22:19 | Crear | Villager (Male) |
| 22:22 | Crear | Villager (Male) |
| 22:22 | Crear | Villager (Male) |
| 22:22 | Crear | Villager (Male) |
| 22:23 | Crear | Villager (Male) |
| 22:38 | Construir | Town Center |
| 22:40 | Crear | Villager (Male) |
| 22:40 | Crear | Villager (Male) |
| 22:41 | Crear | Villager (Male) |
| 22:41 | Crear | Villager (Male) |
| 22:42 | Crear | Villager (Male) |
| 22:53 | Construir | Farm |
| 22:53 | Construir | Farm |
| 22:53 | Construir | Farm |
| 22:54 | Construir | Farm |
| 22:54 | Construir | Farm |
| 23:04 | Construir | Farm |
| 23:06 | Crear | Villager (Male) |
| 23:06 | Crear | Villager (Male) |
| 23:06 | Crear | Villager (Male) |
Build order — JERRY
Primeras 150 de 381 acciones detectadas
| 0:02 | Crear | Villager (Male) |
| 0:03 | Crear | Villager (Male) |
| 0:03 | Crear | Villager (Male) |
| 0:03 | Crear | Villager (Male) |
| 0:03 | Crear | Villager (Male) |
| 0:06 | Construir | House |
| 1:30 | Crear | Villager (Male) |
| 1:48 | Construir | House |
| 1:49 | Construir | House |
| 1:50 | Construir | House |
| 1:51 | Construir | House |
| 2:09 | Crear | Villager (Male) |
| 2:20 | Crear | Villager (Male) |
| 2:41 | Crear | Villager (Male) |
| 3:04 | Crear | Villager (Male) |
| 3:27 | Construir | House |
| 3:35 | Crear | Villager (Male) |
| 3:47 | Crear | Villager (Male) |
| 4:15 | Construir | Mining Camp |
| 4:26 | Crear | Villager (Male) |
| 5:08 | Crear | Villager (Male) |
| 5:13 | Crear | Villager (Male) |
| 5:13 | Crear | Villager (Male) |
| 5:32 | Construir | Lumber Camp |
| 5:43 | Crear | Villager (Male) |
| 5:43 | Crear | Villager (Male) |
| 5:49 | Crear | Villager (Male) |
| 6:21 | Crear | Villager (Male) |
| 6:45 | Crear | Villager (Male) |
| 7:09 | Crear | Villager (Male) |
| 7:55 | Crear | Villager (Male) |
| 7:56 | Crear | Villager (Male) |
| 7:56 | Crear | Villager (Male) |
| 8:18 | Crear | Villager (Male) |
| 8:19 | Crear | Villager (Male) |
| 8:20 | Crear | Villager (Male) |
| 9:18 | Construir | Mill |
| 10:10 | Crear | Villager (Male) |
| 10:15 | Crear | Villager (Male) |
| 10:16 | Crear | Villager (Male) |
| 10:16 | Crear | Villager (Male) |
| 10:28 | Crear | Villager (Male) |
| 11:19 | Crear | Villager (Male) |
| 11:29 | Construir | Mining Camp |
| 11:51 | Investigar | Feudal Age |
| 12:25 | Construir | House |
| 12:25 | Construir | House |
| 12:26 | Construir | House |
| 13:41 | Crear | Villager (Male) |
| 14:01 | Edad | Edad Feudal |
| 14:04 | Construir | Market |
| 14:07 | Construir | Blacksmith |
| 14:13 | Investigar | Horse Collar |
| 14:15 | Construir | Farm |
| 14:16 | Construir | Farm |
| 14:17 | Construir | Farm |
| 14:18 | Construir | Farm |
| 14:19 | Construir | Farm |
| 14:20 | Construir | Farm |
| 14:22 | Construir | Farm |
| 14:22 | Construir | Farm |
| 14:23 | Construir | Farm |
| 14:24 | Construir | Farm |
| 14:25 | Construir | Farm |
| 14:26 | Construir | Farm |
| 14:27 | Construir | Farm |
| 14:34 | Crear | Villager (Male) |
| 14:34 | Crear | Villager (Male) |
| 14:41 | Construir | Farm |
| 14:42 | Construir | Farm |
| 14:43 | Construir | Farm |
| 15:21 | Investigar | Loom |
| 15:21 | Crear | Villager (Male) |
| 16:09 | Investigar | Castle Age |
| 16:55 | Construir | Barracks |
| 17:17 | Construir | Farm |
| 17:17 | Construir | Farm |
| 17:21 | Investigar | Double-Bit Axe |
| 17:25 | Construir | Lumber Camp |
| 17:37 | Construir | Palisade Wall |
| 17:39 | Construir | Palisade Wall |
| 17:41 | Construir | Palisade Wall |
| 18:27 | Construir | Barracks |
| 18:30 | Crear | Spearman |
| 18:31 | Crear | Spearman |
| 18:36 | Investigar | Wheelbarrow |
| 18:49 | Edad | Edad de los Castillos |
| 18:53 | Construir | Town Center |
| 19:03 | Investigar | Man-at-Arms (upgrade) |
| 19:04 | Investigar | Squires |
| 19:22 | Construir | Siege Workshop |
| 19:36 | Crear | Villager (Male) |
| 19:37 | Crear | Villager (Male) |
| 19:46 | Crear | Villager (Male) |
| 19:47 | Crear | Villager (Male) |
| 19:47 | Crear | Villager (Male) |
| 19:52 | Investigar | Long Swordsman (upgrade) |
| 20:02 | Crear | Villager (Male) |
| 20:10 | Crear | Battering Ram |
| 20:16 | Construir | House |
| 20:36 | Crear | Battering Ram |
| 20:43 | Crear | Villager (Male) |
| 20:44 | Crear | Villager (Male) |
| 20:49 | Crear | Militia |
| 20:58 | Investigar | Scale Mail Armor |
| 21:00 | Investigar | Forging |
| 21:10 | Construir | Barracks |
| 21:17 | Crear | Villager (Male) |
| 21:27 | Crear | Militia |
| 21:27 | Crear | Militia |
| 21:27 | Crear | Militia |
| 21:27 | Crear | Militia |
| 21:28 | Crear | Militia |
| 21:50 | Crear | Villager (Male) |
| 21:50 | Crear | Villager (Male) |
| 21:53 | Crear | Battering Ram |
| 22:15 | Crear | Militia |
| 22:15 | Crear | Militia |
| 22:16 | Crear | Militia |
| 22:21 | Crear | Villager (Male) |
| 22:21 | Crear | Villager (Male) |
| 22:26 | Construir | House |
| 22:27 | Construir | House |
| 22:28 | Construir | House |
| 22:28 | Construir | House |
| 22:29 | Construir | House |
| 22:34 | Construir | Farm |
| 22:35 | Construir | Farm |
| 22:39 | Construir | Farm |
| 22:40 | Construir | Farm |
| 22:54 | Crear | Militia ×5 |
| 22:54 | Crear | Militia ×5 |
| 23:05 | Construir | Mill |
| 23:13 | Crear | Villager (Male) |
| 23:13 | Crear | Villager (Male) |
| 23:31 | Crear | Battering Ram |
| 23:33 | Crear | Militia ×4 |
| 23:53 | Construir | House |
| 23:54 | Construir | House |
| 23:55 | Construir | House |
| 24:06 | Crear | Villager (Male) |
| 24:06 | Crear | Villager (Male) |
| 24:07 | Crear | Villager (Male) |
| 24:08 | Crear | Villager (Male) |
| 24:24 | Construir | House |
| 24:24 | Construir | House |
| 24:39 | Crear | Militia ×5 |
| 25:00 | Investigar | Chain Mail Armor |
| 25:07 | Construir | Farm |
| 25:08 | Construir | Farm |
Build order — UnknownPlayer
Primeras 150 de 619 acciones detectadas
| 0:02 | Crear | Villager (Male) |
| 0:02 | Crear | Villager (Male) |
| 0:04 | Construir | House |
| 0:06 | Construir | House |
| 0:11 | Crear | Villager (Male) |
| 0:18 | Crear | Villager (Male) |
| 0:21 | Crear | Villager (Male) |
| 1:26 | Crear | Villager (Male) |
| 1:27 | Crear | Villager (Male) |
| 2:03 | Crear | Villager (Male) |
| 2:09 | Construir | Lumber Camp |
| 2:15 | Crear | Villager (Male) |
| 2:33 | Crear | Villager (Male) |
| 2:33 | Crear | Villager (Male) |
| 3:06 | Crear | Villager (Male) |
| 3:06 | Crear | Villager (Male) |
| 3:06 | Crear | Villager (Male) |
| 3:33 | Crear | Villager (Male) |
| 3:51 | Construir | House |
| 4:01 | Crear | Villager (Male) |
| 4:23 | Crear | Villager (Male) |
| 4:23 | Crear | Villager (Male) |
| 4:24 | Crear | Villager (Male) |
| 4:44 | Crear | Villager (Male) |
| 4:58 | Construir | House |
| 5:00 | Construir | House |
| 5:07 | Crear | Villager (Male) |
| 5:16 | Crear | Villager (Male) |
| 5:16 | Crear | Villager (Male) |
| 5:21 | Construir | Mill |
| 5:29 | Crear | Villager (Male) |
| 6:17 | Crear | Villager (Male) |
| 6:27 | Construir | Farm |
| 6:30 | Construir | Farm |
| 7:32 | Crear | Villager (Male) |
| 7:33 | Crear | Villager (Male) |
| 7:33 | Crear | Villager (Male) |
| 7:33 | Crear | Villager (Male) |
| 7:45 | Crear | Villager (Male) |
| 8:24 | Crear | Villager (Male) |
| 8:25 | Crear | Villager (Male) |
| 8:50 | Crear | Villager (Male) |
| 8:55 | Construir | House |
| 9:01 | Construir | Barracks |
| 9:37 | Construir | Lumber Camp |
| 10:24 | Construir | Mining Camp |
| 10:35 | Construir | Farm |
| 10:39 | Construir | Farm |
| 10:45 | Investigar | Feudal Age |
| 11:01 | Construir | Farm |
| 11:05 | Construir | Farm |
| 11:37 | Crear | Villager (Male) |
| 11:37 | Crear | Villager (Male) |
| 11:59 | Construir | Mining Camp |
| 12:48 | Edad | Edad Feudal |
| 12:54 | Construir | Stable |
| 12:59 | Construir | Market |
| 13:30 | Investigar | Double-Bit Axe |
| 13:36 | Crear | Villager (Male) |
| 13:57 | Investigar | Castle Age |
| 14:23 | Investigar | Horse Collar |
| 15:07 | Investigar | Gold Mining |
| 15:49 | Crear | Villager (Male) |
| 15:52 | Construir | House |
| 16:25 | Edad | Edad de los Castillos |
| 16:32 | Construir | Town Center |
| 16:39 | Construir | Town Center |
| 16:49 | Crear | Villager (Male) |
| 16:50 | Crear | Villager (Male) |
| 16:50 | Crear | Villager (Male) |
| 16:57 | Investigar | Bow Saw |
| 17:17 | Crear | Villager (Male) |
| 17:25 | Construir | House |
| 17:28 | Construir | Lumber Camp |
| 17:30 | Crear | Villager (Male) |
| 17:46 | Crear | Villager (Male) |
| 17:47 | Crear | Villager (Male) |
| 17:48 | Crear | Villager (Male) |
| 18:06 | Construir | Farm |
| 18:08 | Construir | Farm |
| 18:15 | Construir | Farm |
| 18:17 | Construir | Farm |
| 18:20 | Construir | Farm |
| 18:21 | Construir | Farm |
| 18:21 | Construir | Farm |
| 18:21 | Construir | Farm |
| 18:22 | Construir | Farm |
| 18:26 | Crear | Villager (Male) |
| 18:27 | Crear | Villager (Male) |
| 18:32 | Construir | Farm |
| 18:34 | Construir | Farm |
| 18:36 | Construir | Farm |
| 18:38 | Construir | Farm |
| 18:40 | Construir | Farm |
| 18:43 | Construir | Farm |
| 18:46 | Construir | Farm |
| 18:53 | Construir | Farm |
| 18:54 | Construir | Farm |
| 18:59 | Construir | Farm |
| 19:00 | Construir | Farm |
| 19:03 | Crear | Villager (Male) |
| 19:04 | Crear | Villager (Male) |
| 19:08 | Crear | Villager (Male) |
| 19:09 | Crear | Villager (Male) |
| 19:09 | Crear | Villager (Male) |
| 19:30 | Investigar | Wheelbarrow |
| 19:42 | Crear | Villager (Male) |
| 19:51 | Construir | Farm |
| 19:52 | Construir | Farm |
| 19:54 | Construir | Farm |
| 19:56 | Crear | Villager (Male) |
| 20:03 | Construir | Farm |
| 20:04 | Crear | Villager (Male) |
| 20:08 | Crear | Villager (Male) |
| 20:15 | Construir | Farm |
| 20:17 | Construir | Farm |
| 20:18 | Construir | Farm |
| 20:19 | Construir | Farm |
| 20:21 | Construir | Farm |
| 20:22 | Construir | Farm |
| 20:22 | Construir | Farm |
| 20:23 | Construir | Farm |
| 20:23 | Construir | Farm |
| 20:25 | Crear | Villager (Male) |
| 20:26 | Crear | Villager (Male) |
| 20:26 | Crear | Villager (Male) |
| 20:26 | Crear | Villager (Male) |
| 20:29 | Crear | Villager (Male) |
| 20:29 | Crear | Villager (Male) |
| 20:33 | Construir | Farm |
| 20:37 | Crear | Villager (Male) |
| 20:37 | Crear | Villager (Male) |
| 20:37 | Crear | Villager (Male) |
| 20:46 | Construir | House |
| 20:49 | Construir | Farm |
| 20:51 | Crear | Villager (Male) |
| 20:51 | Crear | Villager (Male) |
| 20:51 | Crear | Villager (Male) |
| 20:55 | Construir | House |
| 20:57 | Construir | House |
| 21:04 | Crear | Villager (Male) |
| 21:04 | Crear | Villager (Male) |
| 21:04 | Crear | Villager (Male) |
| 21:04 | Crear | Villager (Male) |
| 21:06 | Crear | Villager (Male) |
| 21:15 | Crear | Villager (Male) |
| 21:15 | Crear | Villager (Male) |
| 21:34 | Investigar | Heavy Plow |
| 21:36 | Crear | Villager (Male) |
| 21:41 | Construir | Lumber Camp |
Cronología de la partida
| 2:53 | Wastetwo · wall_segment Palisade Wall x1 |
| 2:57 | Wastetwo · wall_segment Palisade Wall x1 |
| 2:58 | Wastetwo · wall_segment Palisade Wall x1 |
| 3:01 | Wastetwo · wall_segment Palisade Wall x4 |
| 3:13 | Wastetwo · wall_segment Palisade Wall x4 |
| 9:01 | UnknownPlayer · first_building Barracks |
| 10:43 | moneyfusion06 · age_up feudal |
| 10:56 | PatSG · age_up feudal |
| 10:58 | Wastetwo · age_up feudal |
| 11:24 | ASS MAN · age_up feudal |
| 11:25 | thomasshing2 · age_up feudal |
| 11:43 | schlauchnase · age_up feudal |
| 12:12 | ASS MAN · first_market_sell 100 wood |
| 12:16 | ASS MAN · first_market_buy 100 food |
| 12:48 | UnknownPlayer · age_up feudal |
| 12:54 | UnknownPlayer · first_building Stable |
| 14:01 | JERRY · age_up feudal |
| 14:17 | moneyfusion06 · age_up castle |
| 14:35 | Wastetwo · age_up castle |
| 14:52 | PatSG · age_up castle |
| 14:58 | thomasshing2 · age_up castle |
| 15:18 | schlauchnase · age_up castle |
| 15:19 | Wastetwo · first_market_buy 100 food |
| 15:32 | schlauchnase · first_building Siege Workshop |
| 15:42 | thomasshing2 · first_building Monastery |
| 15:45 | ASS MAN · age_up castle |
| 16:00 | PatSG · first_building Castle |
| 16:25 | UnknownPlayer · age_up castle |
| 16:31 | schlauchnase · wall_segment Palisade Wall x1 |
| 16:55 | JERRY · first_building Barracks |
| 17:11 | moneyfusion06 · first_building Siege Workshop |
| 17:25 | schlauchnase · wall_segment Stone Wall x1 |
| 17:37 | JERRY · wall_segment Palisade Wall x1 |
| 17:39 | JERRY · wall_segment Palisade Wall x1 |
| 17:41 | JERRY · wall_segment Palisade Wall x1 |
| 18:06 | ASS MAN · first_building Castle |
| 18:24 | UnknownPlayer · first_market_buy 100 wood |
| 18:49 | JERRY · age_up castle |
| 19:15 | UnknownPlayer · first_market_sell 100 stone |
| 19:22 | schlauchnase · first_building Monastery |
| 19:22 | JERRY · first_building Siege Workshop |
| 21:23 | PatSG · first_building Barracks |
| 22:55 | moneyfusion06 · first_building Barracks |
| 24:12 | moneyfusion06 · first_building Castle |
| 24:49 | UnknownPlayer · first_building Castle |
| 24:56 | PatSG · first_market_sell 100 food |
| 24:57 | moneyfusion06 · first_building Stable |
| 25:04 | Wastetwo · first_building Castle |
| 25:35 | PatSG · first_building Archery Range |
| 25:39 | schlauchnase · first_building Barracks |
| 26:11 | thomasshing2 · first_building Castle |
| 26:20 | Wastetwo · first_building Barracks |
| 26:46 | moneyfusion06 · first_building Archery Range |
| 27:24 | thomasshing2 · first_building Barracks |
| 27:43 | thomasshing2 · first_market_sell 100 food |
| 27:47 | ASS MAN · first_building Siege Workshop |
| 27:50 | PatSG · first_building Siege Workshop |
| 27:55 | schlauchnase · wall_segment Stone Wall x1 |
| 27:56 | thomasshing2 · first_building Stable |
| 27:57 | Wastetwo · first_market_sell 100 food |
| 28:09 | schlauchnase · wall_segment Stone Wall x1 |
| 28:09 | thomasshing2 · age_up imperial |
| 28:13 | PatSG · age_up imperial |
| 28:28 | moneyfusion06 · first_market_sell 100 food |
| 28:36 | schlauchnase · age_up imperial |
| 28:49 | Wastetwo · first_building Stable |
| 28:51 | ASS MAN · first_building Monastery |
| 29:02 | schlauchnase · first_market_sell 100 wood |
| 29:03 | schlauchnase · first_market_buy 100 food |
| 29:14 | Wastetwo · age_up imperial |
| 29:43 | ASS MAN · first_building Barracks |
| 29:47 | ASS MAN · age_up imperial |
| 31:35 | PatSG · first_market_buy 100 wood |
| 31:39 | moneyfusion06 · age_up imperial |
| 32:56 | Wastetwo · tribute_sent a jugador 1 |
| 32:56 | Wastetwo · tribute_sent a jugador 2 |
| 32:56 | Wastetwo · tribute_sent a jugador 3 |
| 32:56 | Wastetwo · tribute_sent a jugador 5 |
| 32:56 | Wastetwo · tribute_sent a jugador 6 |
| 32:56 | Wastetwo · tribute_sent a jugador 7 |
| 32:56 | Wastetwo · tribute_sent a jugador 8 |
| 33:05 | JERRY · first_building Castle |
| 34:11 | schlauchnase · first_building Castle |
| 34:29 | ASS MAN · first_building Archery Range |
| 34:42 | ASS MAN · wall_segment Stone Wall x1 |
| 37:02 | UnknownPlayer · first_building Monastery |
| 37:25 | JERRY · age_up imperial |
| 37:34 | JERRY · first_market_buy 100 wood |
| 41:23 | UnknownPlayer · age_up imperial |
| 42:10 | Wastetwo · first_building Archery Range |
| 43:12 | ASS MAN · first_building Stable |
| 43:55 | schlauchnase · resign |
[ ANÁLISIS IA · 1 CRÉDITO ]
¿Qué pasó realmente en esta partida?
Wolo.gg analiza cada decisión: build order, eco, micro, errores típicos por bracket. Análisis personalizado por WhatsApp o Discord en 30 segundos.
Guía civ
Italianos
Perfil
Jugador #666458